[ AOE2 MATCH · #505831881 ]
UnrankedHindustanis vs Khmer
Player's team · LOSS
Rival team · WIN
[ REPLAY ANALYSIS · EXTRACTED FROM THE RECORDED GAME ]
Feudal
8:34
Castle
33:13
Imperial
—
| APM avg | 38.2 |
| APM peak | 89 |
| eAPM avg | 18.4 |
| Villagers / military | 78 / 47 |
Focus
⚔️ 37.4% · 🌾 62.6%
Camel Scout ×19 · Spearman ×14 · Scout Cavalry ×14
Feudal
10:57
Castle
13:46
Imperial
37:50
| APM avg | 63.2 |
| APM peak | 105 |
| eAPM avg | 30.4 |
| Villagers / military | 105 / 52 |
Focus
⚔️ 17.9% · 🌾 82.1%
Knight ×43 · Monk ×3 · Mangonel ×3 · Scout Cavalry ×3
Match map
Initial resources + every placement click. Lines = walls · curves = elevation contours. ◆ gold · ⬟ stone · ● berries · ✦ relic · ◌ wall gap
Your base· ✓ Closed at 33:13 · 69t walls · 2 gate(s)
ArcasianPsycho's base· Open — unwalled flank
Smoothed initial terrain · ◌ = detected wall gap · hover for details
Inputs per minute
— Ellis - - ArcasianPsycho
Build order — Ellis
First 150 of 245 actions detected
| 0:00 | Queue | Villager (Male) |
| 0:01 | Build | House |
| 0:02 | Build | House |
| 0:08 | Queue | Villager (Male) |
| 0:22 | Queue | Villager (Male) |
| 0:30 | Queue | Villager (Male) |
| 1:16 | Queue | Villager (Male) |
| 2:00 | Queue | Villager (Male) |
| 2:03 | Queue | Villager (Male) |
| 2:08 | Build | Lumber Camp |
| 2:36 | Build | House |
| 2:49 | Queue | Villager (Male) |
| 2:49 | Queue | Villager (Male) |
| 3:11 | Queue | Villager (Male) |
| 3:58 | Queue | Villager (Male) |
| 4:29 | Queue | Villager (Male) |
| 4:43 | Build | Mill |
| 4:56 | Queue | Villager (Male) |
| 5:05 | Queue | Villager (Male) |
| 5:45 | Queue | Villager (Male) |
| 6:24 | Research | Feudal Age |
| 6:24 | Research | Feudal Age |
| 7:26 | Build | House |
| 7:27 | Build | Barracks |
| 8:09 | Research | Loom |
| 8:19 | Queue | Villager (Male) |
| 8:34 | Age | Feudal Age |
| 8:44 | Build | Stable |
| 8:48 | Research | Double-Bit Axe |
| 9:23 | Queue | Scout Cavalry |
| 9:24 | Queue | Villager (Male) |
| 9:33 | Build | Palisade Wall |
| 9:46 | Queue | Villager (Male) |
| 9:52 | Build | Mining Camp |
| 10:10 | Build | Blacksmith |
| 10:11 | Build | Palisade Wall |
| 10:17 | Build | Watch Tower |
| 10:18 | Queue | Villager (Male) |
| 10:30 | Build | House |
| 10:31 | Build | Palisade Wall |
| 10:33 | Queue | Villager (Male) |
| 10:48 | Queue | Villager (Male) |
| 11:18 | Research | Fletching |
| 11:26 | Build | Watch Tower |
| 11:32 | Build | Farm |
| 12:00 | Queue | Villager (Male) |
| 12:12 | Queue | Villager (Male) |
| 12:32 | Build | Watch Tower |
| 12:34 | Queue | Villager (Male) |
| 12:43 | Build | Palisade Gate |
| 12:47 | Build | House |
| 12:52 | Build | House |
| 12:59 | Queue | Villager (Male) |
| 13:06 | Build | House |
| 13:14 | Queue | Villager (Male) |
| 13:22 | Queue | Scout Cavalry |
| 13:36 | Queue | Villager (Male) |
| 13:45 | Queue | Villager (Male) |
| 13:59 | Build | Watch Tower |
| 14:04 | Build | House |
| 14:05 | Build | Farm |
| 14:53 | Queue | Villager (Male) |
| 14:56 | Build | Farm |
| 15:07 | Build | Watch Tower |
| 15:10 | Build | Palisade Gate |
| 15:16 | Build | House |
| 15:22 | Build | Stone Wall |
| 15:29 | Queue | Villager (Male) |
| 15:32 | Queue | Villager (Male) |
| 15:46 | Queue | Scout Cavalry |
| 15:55 | Queue | Villager (Male) |
| 15:57 | Build | Farm |
| 16:05 | Research | Horse Collar |
| 16:25 | Build | Farm |
| 16:26 | Build | Farm |
| 16:27 | Queue | Villager (Male) |
| 16:52 | Queue | Spearman |
| 16:58 | Build | House |
| 16:59 | Build | Stone Wall |
| 17:01 | Build | House |
| 17:04 | Build | Stone Wall |
| 17:14 | Build | Watch Tower |
| 17:15 | Queue | Villager (Male) |
| 17:21 | Build | Stone Wall |
| 17:23 | Build | Stone Wall |
| 17:28 | Build | Farm |
| 17:35 | Build | Farm |
| 18:09 | Build | Watch Tower |
| 18:13 | Build | House |
| 18:14 | Build | House |
| 18:19 | Queue | Spearman |
| 18:41 | Queue | Villager (Male) |
| 18:58 | Build | Farm |
| 18:59 | Queue | Villager (Male) |
| 19:18 | Build | Watch Tower |
| 19:19 | Queue | Villager (Male) |
| 19:28 | Build | Stone Wall |
| 19:30 | Build | Stone Wall |
| 19:32 | Build | Stone Wall |
| 19:34 | Build | Stone Wall |
| 19:36 | Build | House |
| 19:42 | Queue | Villager (Male) |
| 19:43 | Build | Farm |
| 19:49 | Build | Farm |
| 20:19 | Build | Watch Tower |
| 20:19 | Queue | Villager (Male) |
| 20:26 | Queue | Spearman |
| 20:27 | Queue | Spearman |
| 20:34 | Build | Farm |
| 20:47 | Queue | Villager (Male) |
| 20:52 | Queue | Spearman |
| 20:58 | Research | Town Watch |
| 21:15 | Build | Watch Tower |
| 21:15 | Queue | Villager (Male) |
| 21:36 | Build | Farm |
| 21:39 | Queue | Villager (Male) |
| 21:44 | Build | Farm |
| 21:49 | Build | Farm |
| 21:52 | Queue | Villager (Male) |
| 22:00 | Queue | Villager (Male) |
| 22:14 | Build | Watch Tower |
| 22:17 | Build | Stone Wall |
| 22:18 | Build | Stone Wall |
| 22:20 | Build | Stone Wall |
| 22:23 | Build | Stone Wall |
| 22:24 | Build | Stone Wall |
| 22:25 | Build | Stone Wall |
| 22:30 | Queue | Spearman |
| 22:32 | Queue | Villager (Male) |
| 22:40 | Queue | Villager (Male) |
| 22:47 | Queue | Spearman |
| 23:18 | Queue | Scout Cavalry |
| 23:18 | Queue | Scout Cavalry |
| 23:27 | Build | Farm |
| 23:28 | Build | Farm |
| 23:29 | Build | Farm |
| 23:30 | Build | Farm |
| 23:58 | Research | Forging |
| 24:06 | Queue | Villager (Male) |
| 24:19 | Queue | Villager (Male) |
| 24:23 | Build | Farm |
| 24:30 | Queue | Villager (Male) |
| 24:37 | Build | Mining Camp |
| 24:50 | Queue | Scout Cavalry |
| 25:15 | Queue | Villager (Male) |
| 25:23 | Queue | Villager (Male) |
| 25:45 | Queue | Scout Cavalry |
| 25:47 | Queue | Villager (Male) |
| 25:49 | Build | Farm |
| 25:50 | Build | Farm |
Build order — ArcasianPsycho
First 150 of 282 actions detected
| 0:01 | Build | House |
| 0:02 | Queue | Villager (Male) |
| 0:02 | Queue | Villager (Male) |
| 0:02 | Queue | Villager (Male) |
| 0:04 | Build | House |
| 0:33 | Queue | Villager (Male) |
| 0:33 | Queue | Villager (Male) |
| 1:42 | Queue | Villager (Male) |
| 1:42 | Queue | Villager (Male) |
| 1:53 | Build | Lumber Camp |
| 2:02 | Queue | Villager (Male) |
| 2:29 | Queue | Villager (Male) |
| 2:29 | Queue | Villager (Male) |
| 2:47 | Queue | Villager (Male) |
| 3:10 | Queue | Villager (Male) |
| 3:33 | Queue | Villager (Male) |
| 3:33 | Queue | Villager (Male) |
| 3:53 | Build | House |
| 3:56 | Build | Mill |
| 4:12 | Queue | Villager (Male) |
| 4:12 | Queue | Villager (Male) |
| 4:12 | Queue | Villager (Male) |
| 4:57 | Queue | Villager (Male) |
| 4:57 | Queue | Villager (Male) |
| 5:33 | Queue | Villager (Male) |
| 5:34 | Queue | Villager (Male) |
| 5:39 | Build | House |
| 6:19 | Queue | Villager (Male) |
| 6:20 | Queue | Villager (Male) |
| 6:56 | Queue | Villager (Male) |
| 6:56 | Queue | Villager (Male) |
| 7:13 | Queue | Villager (Male) |
| 7:29 | Research | Loom |
| 7:29 | Research | Loom |
| 7:37 | Build | Mining Camp |
| 7:40 | Build | Farm |
| 8:18 | Build | House |
| 8:22 | Research | Feudal Age |
| 8:54 | Build | Farm |
| 8:59 | Build | Farm |
| 9:26 | Queue | Villager (Male) |
| 9:26 | Queue | Villager (Male) |
| 9:38 | Build | House |
| 9:57 | Build | Farm |
| 10:22 | Build | Palisade Wall |
| 10:23 | Build | Palisade Wall |
| 10:57 | Age | Feudal Age |
| 11:06 | Research | Castle Age |
| 11:06 | Research | Castle Age |
| 11:20 | Build | Farm |
| 11:22 | Build | Farm |
| 12:00 | Research | Double-Bit Axe |
| 12:01 | Research | Double-Bit Axe |
| 12:15 | Build | Stable |
| 12:48 | Queue | Villager (Male) |
| 13:12 | Build | Mill |
| 13:13 | Build | Farm |
| 13:13 | Build | Farm |
| 13:14 | Build | Farm |
| 13:14 | Build | Farm |
| 13:20 | Build | Farm |
| 13:27 | Build | Farm |
| 13:46 | Age | Castle Age |
| 13:53 | Queue | Knight |
| 13:53 | Queue | Knight |
| 14:01 | Build | Mining Camp |
| 14:15 | Build | Farm |
| 14:18 | Queue | Knight |
| 14:33 | Build | Lumber Camp |
| 14:58 | Queue | Villager (Male) |
| 15:02 | Build | Farm |
| 15:03 | Build | Farm |
| 15:04 | Build | Farm |
| 15:29 | Build | Farm |
| 15:30 | Queue | Villager (Male) |
| 15:31 | Queue | Villager (Male) |
| 15:31 | Queue | Villager (Male) |
| 15:38 | Build | House |
| 15:39 | Build | House |
| 16:01 | Queue | Villager (Male) |
| 16:11 | Build | Farm |
| 16:14 | Build | Farm |
| 16:15 | Build | Farm |
| 16:26 | Research | Horse Collar |
| 16:26 | Research | Horse Collar |
| 16:50 | Queue | Knight |
| 16:51 | Queue | Knight |
| 17:19 | Queue | Villager (Male) |
| 17:24 | Queue | Villager (Male) |
| 17:46 | Queue | Knight |
| 17:46 | Queue | Knight |
| 17:56 | Build | Farm |
| 17:57 | Build | Farm |
| 17:57 | Build | Farm |
| 17:58 | Build | Farm |
| 17:58 | Build | Farm |
| 18:05 | Queue | Villager (Male) |
| 18:24 | Queue | Villager (Male) |
| 18:24 | Queue | Villager (Male) |
| 18:43 | Queue | Villager (Male) |
| 18:43 | Queue | Villager (Male) |
| 18:56 | Build | Farm |
| 18:57 | Build | Farm |
| 18:57 | Build | Farm |
| 19:02 | Queue | Knight |
| 19:18 | Queue | Villager (Male) |
| 19:47 | Build | Town Center |
| 19:49 | Queue | Villager (Male) |
| 19:49 | Queue | Villager (Male) |
| 19:49 | Queue | Villager (Male) |
| 20:07 | Research | Bloodlines |
| 20:07 | Research | Bloodlines |
| 21:03 | Queue | Villager (Male) |
| 21:03 | Queue | Villager (Male) |
| 21:06 | Build | Siege Workshop |
| 21:14 | Queue | Scout Cavalry |
| 21:14 | Queue | Scout Cavalry |
| 21:14 | Queue | Scout Cavalry |
| 21:18 | Queue | Knight |
| 21:18 | Queue | Knight |
| 21:45 | Queue | Villager (Male) |
| 21:45 | Queue | Villager (Male) |
| 22:03 | Build | Stable |
| 22:08 | Queue | Villager (Male) |
| 22:08 | Queue | Villager (Male) |
| 22:20 | Queue | Mangonel |
| 22:21 | Queue | Mangonel |
| 22:51 | Queue | Villager (Male) |
| 22:51 | Queue | Villager (Male) |
| 22:54 | Build | House |
| 22:55 | Build | House |
| 23:34 | Queue | Villager (Male) |
| 23:34 | Queue | Villager (Male) |
| 23:34 | Queue | Villager (Male) |
| 23:34 | Queue | Villager (Male) |
| 23:54 | Build | Market |
| 24:10 | Build | Mining Camp |
| 24:32 | Build | Farm |
| 24:36 | Build | Mining Camp |
| 24:47 | Queue | Villager (Male) |
| 24:47 | Queue | Villager (Male) |
| 24:47 | Queue | Villager (Male) |
| 24:47 | Queue | Villager (Male) |
| 24:48 | Queue | Villager (Male) |
| 24:50 | Build | Farm |
| 24:50 | Build | Farm |
| 24:51 | Build | Farm |
| 24:51 | Build | Farm |
| 24:51 | Build | Farm |
| 24:51 | Build | Farm |
Match timeline
| 7:27 | Ellis · first_building Barracks |
| 8:34 | Ellis · age_up feudal |
| 8:44 | Ellis · first_building Stable |
| 9:33 | Ellis · wall_segment Palisade Wall x1 |
| 10:11 | Ellis · wall_segment Palisade Wall x1 |
| 10:22 | ArcasianPsycho · wall_segment Palisade Wall x1 |
| 10:23 | ArcasianPsycho · wall_segment Palisade Wall x1 |
| 10:31 | Ellis · wall_segment Palisade Wall x1 |
| 10:57 | ArcasianPsycho · age_up feudal |
| 12:15 | ArcasianPsycho · first_building Stable |
| 13:46 | ArcasianPsycho · age_up castle |
| 15:22 | Ellis · wall_segment Stone Wall x1 |
| 16:59 | Ellis · wall_segment Stone Wall x1 |
| 17:04 | Ellis · wall_segment Stone Wall x1 |
| 17:21 | Ellis · wall_segment Stone Wall x1 |
| 17:23 | Ellis · wall_segment Stone Wall x1 |
| 19:28 | Ellis · wall_segment Stone Wall x1 |
| 19:30 | Ellis · wall_segment Stone Wall x1 |
| 19:32 | Ellis · wall_segment Stone Wall x1 |
| 19:34 | Ellis · wall_segment Stone Wall x1 |
| 21:06 | ArcasianPsycho · first_building Siege Workshop |
| 22:17 | Ellis · wall_segment Stone Wall x1 |
| 22:18 | Ellis · wall_segment Stone Wall x1 |
| 22:20 | Ellis · wall_segment Stone Wall x1 |
| 22:23 | Ellis · wall_segment Stone Wall x2 |
| 22:24 | Ellis · wall_segment Stone Wall x1 |
| 22:25 | Ellis · wall_segment Stone Wall x1 |
| 26:32 | Ellis · wall_segment Palisade Wall x5 |
| 27:41 | ArcasianPsycho · first_building Monastery |
| 29:42 | Ellis · wall_segment Palisade Wall x18 |
| 30:11 | Ellis · first_market_sell 100 wood |
| 30:13 | Ellis · first_market_buy 100 food |
| 30:28 | Ellis · wall_segment Palisade Wall x12 |
| 31:07 | Ellis · wall_segment Palisade Wall x12 |
| 32:22 | Ellis · wall_segment Stone Wall x1 |
| 32:23 | Ellis · wall_segment Stone Wall x1 |
| 32:23 | Ellis · wall_segment Stone Wall x1 |
| 33:13 | Ellis · age_up castle |
| 36:19 | ArcasianPsycho · first_market_sell 500 food |
| 36:59 | Ellis · wall_segment Stone Wall x6 |
| 37:00 | Ellis · wall_segment Stone Wall x1 |
| 37:01 | Ellis · wall_segment Stone Wall x1 |
| 37:50 | ArcasianPsycho · age_up imperial |
| 38:17 | Ellis · resign |
[ AI ANALYSIS · 1 CREDIT ]
What really happened in this match?
Wolo.gg analyzes every decision: build order, eco, micro, common mistakes by bracket. Personalized analysis on WhatsApp or Discord in 30 seconds.
Civ guide
Hindustanis
Perfil
Jugador #18015351